 Dungeon Crawl Stone Soup version 0.29-a0-96-g93358da72b (webtiles) character file.

Game seed: 13333575006930158266

805 soggyman666 the Chopper (level 7, 0/44 HPs)
             Began as a Gargoyle Fighter on Feb 12, 2022.
             Slain by an ogre (5 damage)
             ... on level 5 of the Dungeon.
             The game lasted 00:07:00 (3550 turns).

soggyman666 the Chopper (Gargoyle Fighter)          Turns: 3550, Time: 00:07:01

Health: 0/44       AC: 24    Str: 27    XL:     7   Next: 91%
Magic:  7/7        EV:  4    Int:  9    God:
Gold:   246        SH:  4    Dex:  9    Spells: 6/6 levels left

rFire   . . .      SeeInvis +   a - +0 war axe
rCold   . . .      Faith    .   c - +0 buckler
rNeg    + . .      Spirit   .   h - +0 crystal plate armour
rPois   ∞          Reflect  .   m - +0 helmet
rElec   +          Harm     .   g - +0 cloak
rCorr   .          Rampage  .   (no gloves)
Will    .....                   (no boots)
Stlth   ..........              (no amulet)
HPRegen 0.14/turn               t - +6 ring of strength
MPRegen 0.10/turn               y - ring of see invisible

@: no status effects
A: sickness immunity, AC +4, negative energy resistance 1, electricity
resistance, torment resistance 1, petrification resistance
a: no special abilities


You were on level 5 of the Dungeon.
You visited 1 branch of the dungeon, and saw 5 of its levels.

You collected 246 gold pieces.

Inventory:

Hand Weapons
 a - a +0 war axe (weapon)
 v - a +0 mace
Missiles
 k - 3 javelins (quivered)
 z - 5 poisoned darts
Armour
 c - a +0 buckler (worn)
 g - a +0 cloak (worn)
 h - a +0 crystal plate armour (worn)
 m - a +0 helmet (worn)
Jewellery
 t - a +6 ring of strength (left hand)
 w - a ring of flight
 y - a ring of see invisible (right hand)
Scrolls
 i - a scroll of silence
 j - a scroll of amnesia
 l - 2 scrolls of fear
 n - a scroll of noise {unknown}
 p - 7 scrolls of teleportation {unknown}
 q - a scroll of enchant armour {unknown}
 r - a scroll of immolation {unknown}
 u - 2 scrolls of blinking {unknown}
 A - 2 scrolls of magic mapping {unknown}
 B - a scroll of identify
Potions
 b - a potion of curing
 d - a potion of might
 e - 3 potions of flight {unknown}
 f - a potion of berserk rage {unknown}
 o - a potion of brilliance {unknown}
 s - a potion of attraction {unknown}
 x - a potion of haste {unknown}


   Skills:
 + Level 4.8 Fighting
 + Level 5.6 Axes
 + Level 1.7 Throwing
 + Level 5.2 Armour
 + Level 0.5 Dodging
 + Level 4.4 Shields


You had 6 spell levels left.
You didn't know any spells.
Your spell library contained the following spells:

 Spells                   Type           Power      Damage    Failure   Level
 Sting                    Tmut/Pois      0%         1d3       100%        1
 Summon Small Mammal      Summ           0%         N/A       100%        1
 Poisonous Vapours        Pois/Air       0%         N/A       100%        2
 Static Discharge         Conj/Air       0%         N/A       100%        2
 Call Canine Familiar     Summ           0%         N/A       100%        3
 Stone Arrow              Conj/Erth      0%         3d7       100%        3
 Summon Guardian Golem    Hex/Summ       0%         N/A       100%        3
 Swiftness                Air            0%         N/A       100%        3
 Animate Armour           Summ/Erth      0%         N/A       100%        4
 Olgreb's Toxic Radiance  Pois           0%         N/A       100%        4
 Summon Ice Beast         Ice/Summ       0%         N/A       100%        4
 Lehudib's Crystal Spear  Conj/Erth      0%         10d2      100%        8


Dungeon Overview and Level Annotations

Branches:
Dungeon (5/15)
 Temple: D:4-7

Altars:
Hepliaklqana
Makhleb
Vehumet
Yredelemnul

Shops:
D:5 =


Innate Abilities, Weirdness & Mutations

You are immune to sickness and miasma.
Your stone body is resilient. (AC +4)
You are immune to poison.
You resist negative energy. (rN+)
You are resistant to electric shocks. (rElec)
You are resistant to unholy torment.
You are immune to petrification.


Message History

No target in view!
No target in view!
No target in view!
Found a stone staircase leading down.
You open the door.
An ogre comes into view. It is wielding a +0 giant club.
The ogre shouts!
Found Feodgh's Jewellery Shop.
There is an open door here.
An ogre is nearby!
The ogre hits you with a +0 giant club.
You barely miss the ogre. The ogre hits you with a +0 giant club.
You barely miss the ogre. You hit the ogre.
The ogre is lightly wounded.
You block the ogre's attack.
You hit the ogre but do no damage.
The ogre is lightly wounded.
The ogre hits you with a +0 giant club!
You closely miss the ogre.
The ogre is lightly wounded.
The ogre hits you with a +0 giant club.
You are too injured to fight recklessly!
You are too injured to fight recklessly!
You are too injured to fight recklessly!
You are too injured to fight recklessly!
You slash the ogre!
The ogre is heavily wounded.
The ogre hits you with a +0 giant club!
* * * LOW HITPOINT WARNING * * *
You barely miss the ogre.
The ogre is heavily wounded.
The ogre hits you but does no damage.
You hit the ogre.
The ogre is severely wounded.
The ogre hits you but does no damage.
You hit the ogre.
The ogre is severely wounded.
The ogre hits you with a +0 giant club.
You die...

......#....(.......####
...........#.......#...
...........#.......#...
..........#.......#...
#.............###...
#.............# #...
..##...........###...
#'####............ ♣@♣
#............
♣.O...♣#............
♣.....♣#......#.....
♣..∩..♣###..........
♣.....♣#..(.........
♣.....♣#......).....
♣♣♣.♣♣♣#............
#+# ###..........
#..........


You could see an ogre.

Vanquished Creatures
  A black bear (D:3)
  An ice beast (D:5)
  2 ogres
  3 scorpions
  A bullfrog skeleton (D:4)
  2 orc priests
  A jelly (D:4)
  An orc wizard (D:5)
  2 hound skeletons
  3 adders
  2 worms
  2 dart slugs
  5 orcs
  2 ball pythons (D:2)
  6 endoplasms
  4 giant cockroaches
  5 goblins
  8 hobgoblins
  11 jackals
  A quokka (D:4)
  6 bats
  4 frilled lizards
  4 kobolds (D:1)
  7 rats
84 creatures vanquished.

Vanquished Creatures (others)
  5 toadstools (D:5)
5 creatures vanquished.

Grand Total: 89 creatures vanquished

Notes
Turn   | Place    | Note
-------+----------+-------------------------------------------
     0 | D:1      | soggyman666 the Gargoyle Fighter began the quest for the
                  | Orb.
     0 | D:1      | Reached XP level 1. HP: 14/14 MP: 1/1
   122 | D:1      | Reached XP level 2. HP: 19/19 MP: 2/2
   211 | D:1      | Reached XP level 3. HP: 17/23 MP: 3/3
   323 | D:1      | Found a faded altar of an unknown god.
  1416 | D:3      | Noticed a black bear
  1423 | D:3      | Killed a black bear
  1424 | D:3      | Reached XP level 4. HP: 11/29 MP: 4/4
  1424 | D:3      | Reached XP level 5. HP: 12/33 MP: 5/5
  1916 | D:3      | Got Yjepn's Catalogue of the Birds and Summoning
  2360 | D:4      | Noticed an ogre
  2366 | D:4      | Killed an ogre
  2367 | D:4      | Reached XP level 6. HP: 38/38 MP: 6/6
  2505 | D:4      | Found a hazy altar of Hepliaklqana.
  2740 | D:4      | Reached skill level 1 in Throwing
  2944 | D:4      | Reached XP level 7. HP: 44/44 MP: 7/7
  3157 | D:5      | Entered Level 5 of the Dungeon
  3162 | D:5      | Reached skill level 5 in Axes
  3162 | D:5      | Reached skill level 5 in Armour
  3480 | D:5      | Found a basalt altar of Yredelemnul.
  3481 | D:5      | Found a burning altar of Makhleb.
  3483 | D:5      | Found a radiant altar of Vehumet.
  3539 | D:5      | Found Feodgh's Jewellery Shop.
  3550 | D:5      | Slain by an ogre

Illustrated notes

Levels and vault maps discovered:
D:1:      amcnicky_arrival_abandoned_market, layout_basic,
          hellmonk_ecumenical_altar_zigzags, chequers_hall_statues_y,
          kennysheep_crisscross, minmay_tall_x
D:2:      layout_basic, hangedman_decor_points
D:3:      layout_loops_ring
D:4:      layout_loops_cross, amcnicky_altar_gilded, minmay_goblin_kobold_house
D:5:      cheibrodos_fertilizer, layout_basic, minitemple,
          kennysheep_small_square

Skill      XL: |  1  2  3  4  5  6  7 |
---------------+----------------------+-----
Axes           | 2 3 4 5 |  5.6
Armour         | 4 5 |  5.2
Fighting       | 4 |  4.8
Shields        | 4 |  4.4
Throwing       | 1 |  1.7
Dodging        | |  0.5

Action                   |  1- 3 |  4- 6 |  7- 9 || total
-------------------------+-------+-------+-------++-------
Melee: War axe           |   100 |    98 |    51 ||   249
Throw: Javelin           |       |    11 |       ||    11
       Throwing net      |       |     1 |       ||     1
  Use: Scroll            |       |     4 |       ||     4
Armor: Scale mail        |    45 |       |       ||    45
       Crystal plate arm |    59 |    93 |    42 ||   194
Dodge: Dodged            |    35 |    23 |     6 ||    64
Block: Buckler           |    24 |    27 |     8 ||    59

Table legend: (Time is in decaauts)
 A = Elapsed time spent in this place.
 B = Non-inter-level travel time spent in this place.
 C = Inter-level travel time spent in this place.
 D = Time resting spent in this place.
 E = Time spent auto-exploring this place.
 F = Levels seen in this place.
 G = Mean time per level.
                   A        B        C        D        E       F      G
               +--------+--------+--------+--------+--------+-----+--------+
         Total |   3644 |   3489 |    155 |    305 |   2455 |   5 |  728.8 |
       Dungeon |   3644 |   3489 |    155 |    305 |   2455 |   5 |  728.8 |
               +--------+--------+--------+--------+--------+-----+--------+

Top non-repeatable levels by time:
     D:3: 1006 daAuts
     D:1: 862 daAuts
     D:4: 816 daAuts
     D:2: 556 daAuts
     D:5: 403 daAuts
